 Dungeon Crawl Stone Soup version 0.30.0-18-gc0e69614cb (webtiles) character file.

Game seed: 7790606143309038072

1101 NateTC the Magician (level 8, -2/59 HPs)
             Began as a Djinni Ice Elementalist on May 24, 2023.
             Slain by Pikel
             ... wielding a +1 whip of electrocution
              (14 damage)
             ... on level 5 of the Dungeon.
             The game lasted 00:12:24 (4638 turns).

NateTC the Magician (Djinni Ice Elementalist)       Turns: 4638, Time: 00:12:24

Health: -2/59      AC:  7    Str:  7    XL:     8   Next: 58%
Gold:   299        EV: 13    Int: 19    God:
                   SH:  0    Dex: 14

rFire   + + .        (no weapon)
rCold   x . .        (no shield)
rNeg    . . .        a - +2 robe
rPois   ∞            h - +2 helmet
rElec   .            (no cloak)
rCorr   .            (no gloves)
SInv    .            (boots unavailable)
Will    .....        (no amulet)
Stlth   ++           (no ring)
HPRegen 0.29/turn    (no ring)
MPRegen 0.00/turn

%: infuse magic (-3 HP)
@: freezing walls, flying
A: sickness immunity, fire resistance 2, cold vulnerability 1, float, innate
caster, HP casting, extra vitality 1
a: no special abilities


You were on level 5 of the Dungeon.
You visited 1 branch of the dungeon, and saw 5 of its levels.

You collected 299 gold pieces.

Inventory:

Armour
 a - a +2 robe (worn)
 h - a +2 helmet (worn)
Jewellery
 k - an amulet of the acrobat
Wands
 e - a wand of mindburst (16)
 o - a wand of light (11)
Scrolls
 b - 4 scrolls of teleportation
 f - a scroll of brand weapon
Potions
 c - 2 potions of heal wounds
 d - a potion of mutation
 i - a potion of degeneration {unknown}
 j - 3 potions of attraction
 l - a potion of haste {unknown}
 m - 2 potions of curing
 p - a potion of might {unknown}


   Skills:
 * Level 5.1 Fighting
 - Level 4.0 Dodging
 - Level 1.5 Stealth
 - Level 6.5 Spellcasting


You knew the following spells:

 Your Spells              Type           Power      Damage    Failure   Level
a - Freeze                Ice            100%       1d10      1%          1
b - Frozen Ramparts       Ice            60%        1d10      2%          3
c - Ozocubu's Armour      Ice            30%        N/A       2%          3
d - Summon Ice Beast      Ice/Summ       30%        N/A       8%          4
e - Kiss of Death         Conj/Necr      100%       2d13      1%          1
f - Call Imp              Summ           60%        N/A       1%          2
g - Volatile Blastmotes   Fire/Tloc      60%        2d15      2%          3
Your spell library was empty.

Dungeon Overview and Level Annotations

Branches:
Dungeon (5/15) Zot: 25360
 Temple: D:4-7

Altars:
Uskayaw

Shops:
D:1 [

Annotations:
D:2 1 runed translucent door, Crazy Yiuf
D:5 Pikel


Innate Abilities, Weirdness & Mutations

You are immune to sickness and miasma.
You are immune to poison.
Your flesh is very heat resistant. (rF++)
You are vulnerable to cold. (rC-)
You float through the air rather than walking.
You learn spells naturally, not from books.
Your magical power is your life essence.
You have superior vitality. (+4 MHP)


Message History

That felt strangely unrewarding.
The concussive blast engulfs you. You resist.
You are knocked back by the blast.
Found a Trismegistus Codex.
Casting: Volatile Blastmotes (dangerous; 2% risk of failure)
Confirm with . or Enter, or press ? or * to list all spells.
A cloud of volatile blastmotes flares up around you!
Casting: Volatile Blastmotes (dangerous; 2% risk of failure)
Confirm with . or Enter, or press ? or * to list all spells.
A cloud of volatile blastmotes flares up around you!
The cloud of blastmotes explodes!
The concussive blast engulfs Pikel!!
Pikel is heavily wounded.
Casting: Volatile Blastmotes (dangerous; 2% risk of failure)
Confirm with . or Enter, or press ? or * to list all spells.
A cloud of volatile blastmotes flares up around you!
Pikel says, "You'll make a fine lemure."
The cloud of blastmotes explodes!
The concussive blast engulfs Pikel!
Pikel is severely wounded.
The concussive blast engulfs you. You resist.
* * * LOW HITPOINT WARNING * * *
You are knocked back by the blast.
Casting: Volatile Blastmotes (dangerous; 2% risk of failure)
Confirm with . or Enter, or press ? or * to list all spells.
Casting: Frozen Ramparts (dangerous; 2% risk of failure)
Press: ? - help, Dir - look around, f - activate The walls around you are covered in ice.
* * * LOW HITPOINT WARNING * * *
The wall freezes Pikel but does no damage.
You are too injured to fight recklessly!
Casting: Frozen Ramparts (dangerous; 2% risk of failure)
Confirm with . or Enter, or press ? or * to list all spells.
Aiming: Freeze (safe; 1% risk of failure)
Press: ? - help, Shift-Dir - straight line, f - Pikel
Aim: Pikel, wielding a +1 whip of electrocution and wearing a +0 robe (severely wounded)
You freeze Pikel.
Pikel is severely wounded.
* * * LOW HITPOINT WARNING * * *
The wall freezes the lemure but does no damage.
The wall freezes Pikel.
Pikel hits you but does no damage.
You are electrocuted!
You die...

###.##.#.# #####..)....#
### ......#.##.## ..#
######...#..# #.#
#......#.# #.#
##...#>...) #.#
##:####### #.# #.#
###.##### #.# #@K5....#
##'## #.#####.# ##...##
#.# #.# ##.....## ##.##
#.## ##.......## #...#
#5:#
###.........###...####..#
†.'..K.....5'...........#
###.......†.###....####.#
##.......## #...## .#


You could see Pikel and a lemure.

Vanquished Creatures
  Pargi (D:3)
  2 lemures (D:5)
  A phantom (D:4)
  2 scorpions (D:5)
  A jelly (D:5)
  Jessica (D:2)
  Natasha (twice) (D:3)
  A scorpion zombie (D:4)
  A hound skeleton (D:4)
  2 gnolls
  8 adders
  4 adder zombies (D:4)
  3 worms
  8 orcs
  4 bats
  5 endoplasms
  2 giant cockroaches
  3 goblins (D:2)
  12 hobgoblins
  2 jackals (D:3)
  8 kobolds
  6 quokkas
  3 ball pythons
  3 frilled lizards
  A quokka skeleton (D:4)
  12 rats
98 creatures vanquished.

Vanquished Creatures (collateral kills)
  Grinder (D:5)
  Sigmund (D:5)
  A water moccasin zombie (D:4)
  A scorpion zombie (D:4)
  Natasha (D:3)
  A howler monkey zombie (D:4)
  An adder (D:3)
  An adder zombie (D:4)
  2 orcs
  2 endoplasms (D:3)
  A goblin (D:3)
  A jackal (D:3)
  A quokka (D:3)
  3 ball pythons (D:3)
  A rat (D:3)
19 creatures vanquished.

Grand Total: 117 creatures vanquished

Notes
Turn   | Place    | Note
-------+----------+-------------------------------------------
     0 | D:1      | NateTC the Djinni Ice Elementalist began the quest for the
                  | Orb.
     0 | D:1      | NateTC set off with the following spells memorised: Freeze,
                  | Frozen Ramparts, Ozocubu's Armour, Summon Ice Beast.
     0 | D:1      | Reached XP level 1. HP: 15/15 MP: 0/0
    67 | D:1      | Reached XP level 2. HP: 6/21 MP: 0/0
   462 | D:1      | Found Fyngi's Armour Shop.
   476 | D:1      | Reached skill level 4 in Spellcasting
   476 | D:1      | Reached XP level 3. HP: 11/25 MP: 0/0
   476 | D:1      | Learned a level 1 spell: Kiss of Death
   725 | D:1      | Found a faded altar of an unknown god.
   935 | D:2      | Reached XP level 4. HP: 8/31 MP: 0/0
  1651 | D:2      | Noticed Jessica
  1658 | D:2      | Killed Jessica
  1659 | D:2      | Reached XP level 5. HP: 33/35 MP: 0/0
  1659 | D:2      | Learned a level 2 spell: Call Imp
  1914 | D:2      | Found a runed translucent door.
  1914 | D:2      | Found the +10 morningstar "Eos" {elec, Halo rElec}
  1915 | D:2      | Noticed Crazy Yiuf
  2250 | D:3      | Noticed Pargi
  2266 | D:3      | Killed Pargi
  2267 | D:3      | Reached skill level 5 in Spellcasting
  2267 | D:3      | Reached XP level 6. HP: 36/40 MP: 0/0
  2605 | D:3      | Noticed Natasha
  2610 | D:3      | Killed Natasha
  2774 | D:3      | Noticed Natasha
  2780 | D:3      | Killed Natasha
  2868 | D:3      | Noticed Natasha
  2879 | D:3      | Killed Natasha
  2880 | D:3      | Reached skill level 6 in Spellcasting
  3028 | D:4      | Reached XP level 7. HP: 21/45 MP: 0/0
  3028 | D:4      | Learned a level 3 spell: Volatile Blastmotes
  3812 | D:4      | Reached skill level 1 in Fighting
  4151 | D:4      | Noticed a +0 short sword
  4152 | D:4      | Noticed a +0 short sword
  4152 | D:4      | Noticed a +0 falchion
  4153 | D:4      | Noticed a +0 dagger
  4153 | D:4      | Noticed a +0 dagger
  4153 | D:4      | Noticed a +0 spear
  4153 | D:4      | Noticed a +0 falchion
  4153 | D:4      | Noticed a +0 spear
  4158 | D:4      | Found a hide-covered altar of Uskayaw.
  4391 | D:5      | Entered Level 5 of the Dungeon
  4432 | D:5      | Noticed Grinder
  4446 | D:5      | Killed Grinder
  4447 | D:5      | Reached XP level 8. HP: 38/55 MP: 0/0
  4535 | D:5      | Noticed Sigmund
  4544 | D:5      | Killed Sigmund
  4610 | D:5      | Noticed Pikel
  4612 | D:5      | Reached skill level 5 in Fighting
  4638 | D:5      | Slain by Pikel

Illustrated notes

Levels and vault maps discovered:
D:1:      psy_arrival_dodecagon, layout_rooms, serial_shops,
          nicolae_shop_window_shopping, serial_forest,
          infiniplex_forest_lined_2, infiniplex_forest_lined_corner,
          infiniplex_forest_clump_curved, infiniplex_forest_end_1,
          infiniplex_forest_join, infiniplex_forest_lined_room_2,
          shapermc_ecumenical_altar_mp_urbaneastern
D:2:      layout_basic, uniq_crazy_yiuf_cottage, uniq_jessica
D:3:      minmay_evil_eye, layout_loops_ring, minmay_surrounded, uniq_pargi,
          uniq_natasha
D:4:      layout_basic, nicolae_uskayaw_en_pointe, serial_undead,
          serial_undead_f, serial_undead_a, serial_undead_a, serial_undead_b,
          hangedman_abyss_or_decor_slice, feat_on_display
D:5:      layout_loops_corners, uniq_grinder, uniq_pikel, uniq_sigmund,
          uniq_eustachio

Skill      XL: |  1  2  3  4  5  6  7  8 |
---------------+-------------------------+-----
Spellcasting   | 4 5 6 |  6.5
Fighting       | 2 5 |  5.1
Dodging        | 4 |  4.0
Stealth        | |  1.5

Action                     |  1- 3 |  4- 6 |  7- 9 || total
---------------------------+-------+-------+-------++-------
  Melee: Unarmed           |    13 |     3 |     1 ||    17
   Cast: Freeze            |    48 |    48 |    37 ||   133
         Frozen Ramparts   |       |    11 |    12 ||    23
         Call Imp          |       |     8 |    10 ||    18
         Summon Ice Beast  |       |     1 |     6 ||     7
         Volatile Blastmot |       |       |    28 ||    28
         Ozocubu's Armour  |       |       |     2 ||     2
    Use: Scroll            |     1 |     7 |     3 ||    11
         Potion            |       |       |     1 ||     1
 Armour: Robe              |    14 |    10 |    26 ||    50
  Dodge: Dodged            |    27 |    20 |    32 ||    79
